 Dungeon Crawl Stone Soup version 0.23.1 (webtiles) character file.

Game seed: 7187221022712630197

671 Norn the Poker (level 7, 0/54 HPs)
             Began as a Merfolk Skald on Mar 8, 2019.
             Killed from afar by an orc wizard (11 damage)
             ... with a puff of frost
             ... on level 4 of the Dungeon.
             The game lasted 00:12:35 (5185 turns).

Norn the Poker (Merfolk Skald)                      Turns: 5185, Time: 00:12:36

Health: 0/54       AC:  4    Str: 11    XL:     7   Next: 58%
Magic:  8/10       EV: 14    Int: 14    God:
Gold:   218        SH:  0    Dex: 14    Spells: 2/10 levels left

rFire    . . .     SeeInvis .   q - +0 trident
rCold    . . .     Gourm    .   (no shield)
rNeg     . . .     Faith    .   b - +0 leather armour
rPois    .         Spirit   .   (no helmet)
rElec    .         Reflect  .   o - +0 cloak
rCorr    .         Harm     .   (no gloves)
MR       .....                  (no boots)
Stlth    +.........             (no amulet)
HPRegen  0.18/turn              (no ring)
MPRegen  0.12/turn              (no ring)

@: infused
A: change form in water, swift swim, stealthy swim
a: no special abilities


You were on level 4 of the Dungeon.
You were near starving.

You visited 1 branch of the dungeon, and saw 4 of its levels.

You collected 218 gold pieces.

Inventory:

Hand Weapons
 q - a +0 trident (weapon)
   (You took it off an orc on level 3 of the Dungeon)
Armour
 b - a +0 leather armour (worn)
 o - a +0 cloak (worn)
   (You found it on level 2 of the Dungeon)
 s - a cursed -2 pair of gloves
   (You found it on level 3 of the Dungeon)
Jewellery
 d - an uncursed ring of fire {unknown}
   (You found it on level 1 of the Dungeon)
Scrolls
 c - a scroll of enchant weapon {unknown}
 h - 3 scrolls of teleportation {unknown}
 i - 5 scrolls of identify {@r1}
 j - 7 scrolls of remove curse {@r2}
 k - a scroll of immolation {unknown}
 m - a scroll of fog {unknown}
 n - a scroll of fear {unknown}
 v - 2 scrolls of enchant armour {unknown}
 w - a scroll of blinking {unknown}
Potions
 a - a potion of degeneration {unknown}
 f - 2 potions of haste {unknown}
 g - a potion of heal wounds {@q2}
 l - 2 potions of might
 p - 3 potions of curing {unknown}
 r - a potion of ambrosia {unknown}
 t - a potion of brilliance
Comestibles
 e - 10 rations {!d}


   Skills:
 + Level 4.2 Fighting
 * Level 7.4 Polearms
 - Level 0.6 Armour
 + Level 4.9 Dodging
 - Level 2.0 Spellcasting
 + Level 0.7 Hexes
 + Level 4.9 Charms
 - Level 2.0 Translocations


You had 2 spell levels left.
You knew the following spells:

 Your Spells              Type           Power        Failure   Level  Hunger
a - Infusion              Chrm           ###.         4%          1    ##.....
q - Shroud of Golubria    Chrm/Tloc      ##........   12%         2    ###....
t - Spectral Weapon       Hex/Chrm       #.......     28%         3    ####...
w - Song of Slaying       Chrm           ###.....     6%          2    ###....

Your spell library contained the following spells:

 Spells                   Type           Power        Failure   Level  Hunger
 Freeze                   Ice            #...         30%         1    ##.....
 Magic Dart               Conj           #...         30%         1    ##.....
 Searing Ray              Conj           #.....       43%         2    ###....
 Regeneration             Chrm/Necr      #.........   34%         3    ####...
 Dazzling Spray           Conj/Hex       #.....       63%         3    ####...
 Force Lance              Conj/Tloc      #.......     90%         4    #####..
 Fulminant Prism          Conj/Hex       #.........   95%         4    #####..
 Iskenderun's Mystic Bla  Conj           #.......     97%         4    #####..


Dungeon Overview and Level Annotations

Branches:
Dungeon (4/15)
 Temple: D:4-7

Altars:
Qazlal
Sif Muna
Yredelemnul

Annotations:
D:4 2 transporters, Acheron's ghost, novice VSWn


Message History

Your spectral weapon barely misses the orc priest.
Something hits you. The orc priest completely misses you.
You closely miss the orc priest.
Your spectral weapon hits the orc priest from afar!
You kill the orc priest!
Something hits you but does no damage. Something hits you.
You miss something. Something hits you.
You closely miss something.
Unknown command.
You puncture something! Something hits you. Something hits you.
You hit something but do no damage. Something hits you.
Unknown command.
You hit something.
You hear some strange, mumbled words.
A puff of flame appears from out of thin air!
The puff of flame hits you!
* * * LOW HITPOINT WARNING * * *
You barely miss something. Something hits you.
* * * LOW HITPOINT WARNING * * *
Something hits you but does no damage.
Unknown command.
You closely miss something. Something hits you but does no damage.
You miss something. Something hits you but does no damage.
Something barely misses you.
You closely miss something.
Unknown command.
You miss something.
You hear some strange, mumbled words.
A puff of frost appears from out of thin air!
The puff of frost hits you!
* * * LOW HITPOINT WARNING * * *
Something hits you.
* * * LOW HITPOINT WARNING * * *
Okay, then.
Okay, then.
Unknown command.
You begin infusing your attacks with magical energy.
You hear some strange, mumbled words.
A puff of frost appears from out of thin air!
The puff of frost hits you!
You die...

#...............#
####............#..#
#.....©.©.......#..#
##############....##
##....?$...OW#.##.#
#.#..#.#..#.#.##.#
#..##...##..#..#.#
###.. #...##..#..#.#
..#.# .#.#..#.#(@#
..#. ...©.....#){).#
..###### #...<...
........ ...###..#
........ ..... .#
(..### ....#. # ...#
.#... . #.## #.###.
.. #.####


You could see a friendly spectral +0 trident.

Vanquished Creatures
  A phantom (D:4)
  A centaur skeleton (D:4)
  3 orc priests (D:4)
  4 orc wizards
  A bullfrog skeleton (D:4)
  2 iguanas (D:4)
  Natasha (thrice) (D:2)
  2 worker ants (D:4)
  2 adders (D:3)
  An ooze (D:3)
  4 worms
  2 dart slugs (D:2)
  A leopard gecko (D:4)
  25 orcs
  8 bats
  4 giant cockroaches
  9 hobgoblins
  4 jackals (D:2)
  5 kobolds
  3 quokkas
  A ball python (D:2)
  2 frilled lizards
  13 goblins
  9 rats
110 creatures vanquished.

Notes
Turn   | Place    | Note
-------+----------+-------------------------------------------
     0 | D:1      | Norn the Merfolk Skald began the quest for the Orb.
     0 | D:1      | Reached XP level 1. HP: 16/16 MP: 3/3
   619 | D:1      | Reached XP level 2. HP: 22/23 MP: 1/5
   810 | D:1      | Learned a level 2 spell: Shroud of Golubria
  1347 | D:2      | Noticed Natasha
  1361 | D:2      | Noticed a crimson imp
  1366 | D:2      | Reached XP level 3. HP: 28/28 MP: 2/6
  1380 | D:2      | HP: 1/28 [Natasha/magic dart (7)]
  1394 | D:2      | Killed Natasha
  1394 | D:2      | Reached skill level 4 in Polearms
  1901 | D:2      | Learned a level 3 spell: Spectral Weapon
  2007 | D:2      | Noticed Natasha
  2012 | D:2      | Reached XP level 4. HP: 34/34 MP: 2/7
  2016 | D:2      | Killed Natasha
  2533 | D:2      | Noticed Natasha
  2539 | D:2      | Killed Natasha
  2539 | D:2      | Reached skill level 5 in Polearms
  2539 | D:2      | Reached XP level 5. HP: 41/41 MP: 4/8
  2561 | D:3      | Reached skill level 1 in Translocations
  3391 | D:3      | Found a stormy altar of Qazlal.
  3629 | D:3      | Found a basalt altar of Yredelemnul.
  3641 | D:3      | Reached XP level 6. HP: 36/47 MP: 6/9
  3781 | D:3      | Found a deep blue altar of Sif Muna.
  4067 | D:3      | Reached skill level 6 in Polearms
  4073 | D:3      | Identified Sif Muna's Incunabulum of the Glacier
  4133 | D:4      | Learned a level 2 spell: Song of Slaying
  4532 | D:4      | Reached XP level 7. HP: 45/53 MP: 7/10
  4630 | D:4      | Reached skill level 7 in Polearms
  5070 | D:4      | Found a transporter.
  5073 | D:4      | Found a transporter.
  5074 | D:4      | Noticed Acheron's ghost (novice VSWn)
  5136 | D:4      | Identified the cursed +2 dire flail "Qibufi" {drain, rElec}
  5185 | D:4      | Killed from afar by an orc wizard

Skill      XL: |  1  2  3  4  5  6  7 |
---------------+----------------------+-----
Dodging        | 3 4 |  4.9
Polearms       | 4 5 6 7 |  7.4
Fighting       | 3 4 |  4.2
Translocations | 1 2 |  2.0
Charms         | 4 |  4.9
Armour         | |  0.6
Spellcasting   | |  2.0
Hexes          | |  0.7

Action                   |  1- 3 |  4- 6 |  7- 9 || total
-------------------------+-------+-------+-------++-------
Melee: Spear             |   117 |   120 |       ||   237
       Trident           |       |   123 |    57 ||   180
 Cast: Infusion          |    12 |     2 |     1 ||    15
       Shroud of Golubri |     2 |     3 |     1 ||     6
       Spectral Weapon   |     1 |    11 |     2 ||    14
       Song of Slaying   |       |     1 |       ||     1
  Use: Scroll            |     2 |       |       ||     2
       Potion            |     3 |       |       ||     3
 Stab: Sleeping          |     1 |     1 |       ||     2
       Distracted        |       |     1 |       ||     1
  Eat: Chunk             |     4 |    11 |     1 ||    16
Armor: Leather armour    |    17 |    31 |     5 ||    53
Dodge: Dodged            |    49 |   133 |    26 ||   208
